 Dungeon Sprint DCSS version 0.20-a0-1020-g7b9e4fe (webtiles) character file.

7 Krakonus1 the Ducker (level 1, -1/9 HPs)
             Began as a Felid Warper on Apr 18, 2017.
             Slain by a phantom (10 damage)
             ... in the Dungeon (Sprint III: "The Ten Rune Challenge").
             The game lasted 00:01:19 (162 turns).

Krakonus1 the Ducker (Felid Warper)                  Turns: 162, Time: 00:01:19

Health: -1/9       AC:  1    Str:  7    XL:     1   Next: 83%
Magic:  4/4        EV: 20    Int: 14    God:
Gold:   0          SH:  0    Dex: 15    Spells: 4/4 levels left
                                        Lives:  0   Deaths: 0

rFire    . . .     SeeInvis +     - Unarmed
rCold    . . .     Gourm    .   (shield unavailable)
rNeg     . . .     Faith    .   (armour unavailable)
rPois    .         Spirit   .   (helmet unavailable)
rElec    .         Reflect  .   (cloak unavailable)
rCorr    .         Harm     .   (gloves unavailable)
MR       .....     NoTele   +   (boots unavailable)
Stlth    +++.......             (no amulet)
Regen    0.1/turn               (no ring)
MPRegen  0.1/turn               (no ring)

@: quick
A: no armour, no weapons or thrown items, stealth, claws 1, fangs 3, see
invisible, carnivore 3, speed 1, shaggy fur 1, slow metabolism 1, sharp paws
a: no special abilities


You were in the Dungeon.
You were not hungry.

You visited 1 branch

Inventory:

Scrolls
 b - 2 scrolls of blinking
Potions
 d - a potion of curing
 e - a potion of heal wounds
 f - a potion of haste
 g - 2 potions of magic
 h - a potion of berserk rage
Books
 a - a book of Spatial Translocations

   Spells                             Type                      Level
   a - Blink                          Translocation                2
   b - Shroud of Golubria             Charms/Translocation         2
   c - Lesser Beckoning               Translocation                3
   d - Gell's Gravitas                Translocation                3
   e - Teleport Other                 Translocation                3
   f - Passage of Golubria            Translocation                4
Comestibles
 c - a meat ration


   Skills:
 - Level 2.0 Fighting
 * Level 5.3 Dodging
 * Level 2.4 Stealth
 - Level 2.0 Unarmed Combat
 - Level 2.0 Spellcasting
   Level 4.4 Translocations


You had 4 spell levels left.
You didn't know any spells.

Dungeon Overview and Level Annotations

Branches:
Dungeon (1/1)

Altars:


Innate Abilities, Weirdness & Mutations

You cannot wear armour.
You are incapable of wielding weapons or throwing items.
Your paws allow you to move quietly. (Stealth)
You have sharp claws.
You have razor-sharp teeth.
You have supernaturally acute eyesight. (SInv)
You are carnivorous and can eat meat at any time.
You cover ground quickly.
You are covered in fur. (AC +1)
You have a slow metabolism.
Your sharp claws are effective at attacking unaware monsters.


Message History

You scratch the phantom.
The phantom is heavily damaged.
The phantom blinks!
You scratch the phantom.
The phantom is severely damaged.
The phantom completely misses you.
You closely miss the phantom.
The phantom is severely damaged.
The phantom misses you.
You scratch the phantom.
The phantom is severely damaged.
The phantom closely misses you.
You scratch the phantom but do no damage.
The phantom is severely damaged.
The phantom misses you.
You closely miss the phantom.
The phantom is severely damaged.
The phantom hits you!
Ouch! That really hurt!
You die...

▓▓▓▓▓▓▓▓▓
▓<..#...####
▓...#......##
▓..##..W@...# .#
▓##.##.##...# .#
##.##.###..# ..#
▓#.####.##..# .p.+
▓.###..##..##
#...# ▓#.....##..#
#....#
###..##...##.....#
##..##....#......#
#..###..##.#.....#


You could see a phantom.

Vanquished Creatures
  An ooze (D)
  3 rats (D)
4 creatures vanquished.

Vanquished Creatures (others)
  4 hellions (D)
  3 plants (D)
7 creatures vanquished.

Grand Total: 11 creatures vanquished

Notes
Turn   | Place    | Note
-------+----------+-------------------------------------------
     0 | D        | Krakonus1 the Felid Warper began the quest for the Orb.
     0 | D        | Reached XP level 1. HP: 9/9 MP: 4/4
    20 | D        | Reached skill level 5 in Dodging
   104 | D        | Killed a hellion
   106 | D        | Killed a hellion
   116 | D        | Killed a hellion
   133 | D        | Killed a hellion
   162 | D        | Slain by a phantom

Vault maps used:
D:        dungeon_sprint_mu

Skill      XL: |  1 |
---------------+----+-----
Dodging        | 5 |  5.3
Stealth        | 2 |  2.4
Fighting       | |  2.0
Unarmed Combat | |  2.0
Spellcasting   | |  2.0
Translocations | |  4.4

Action                   || total
-------------------------++-------
Melee: Unarmed           ||    24
       Bite              ||     1
  Use: Scroll            ||     2
 Stab: Sleeping          ||     1
  Eat: Chunk             ||     1
Armor: Skin              ||     1
Dodge: Dodged            ||    15
